 Dungeon Crawl Stone Soup version 0.18.1-8-gdd0e5ea (console) character file.

20762 Kloppie the Basher (level 12, -5/99 HPs)
             Began as a Demonspawn Berserker on June 12, 2016.
             Was a High Priest of Trog.
             Slain by a death yak (18 damage)
             ... on level 5 of the Lair of Beasts.
             The game lasted 00:23:56 (11778 turns).

Kloppie the Basher (Demonspawn Berserker)          Turns: 11778, Time: 00:23:56

Health: -5/99      AC: 28    Str: 19    XL:     12   Next: 48%
Magic:  4/4        EV:  8    Int:  8    God:    Trog [*****.]
Gold:   481        SH:  0    Dex: 17    Spells: 0 memorised, 11 levels left

rFire  . . .     SeeInvis .     E - +3 dire flail (antimagic)
rCold  . . .     Gourm    .     l - +3 chain mail {rPois}
rNeg   . . .     Faith    .     (shield currently unavailable)
rPois  +         Spirit   .     C - +0 helmet
rElec  .         Dismiss  .     n - +0 cloak
rCorr  .         Reflect  .     j - +2 pair of gloves
SustAt +         Harm     .     o - +1 pair of boots
MR     ++...                    (no amulet)
Stlth  ..........               h - ring of sustain attributes
                                B - +2 ring of protection

@: regenerating, very resistant to hostile enchantments, extremely unstealthy
A: claws 1, slimy green scales 2, demonic guardian 1, powered by death 2
a: Berserk, Trog's Hand, Brothers in Arms, Burn Spellbooks, Renounce Religion


You were on level 5 of the Lair of Beasts.
You worshipped Trog.
Trog was extremely pleased with you.
You were not hungry.

You visited 2 branches of the dungeon, and saw 13 of its levels.
You also visited: Ossuary.

You collected 571 gold pieces.
You spent 90 gold pieces at shops.

Inventory:

Hand Weapons
 a - a +1 morningstar
 E - a +3 antimagic dire flail (weapon)
Armour
 j - a +2 pair of gloves (worn)
 l - a +3 chain mail of poison resistance (worn)
 n - a +0 cloak (worn)
 o - a +1 pair of boots (worn)
 x - a +0 buckler
 C - a +0 helmet (worn)
Jewellery
 h - a ring of sustain attributes (right hand)
 s - an uncursed ring of fire
 y - an uncursed ring of flight
 B - a +2 ring of protection (left hand)
 P - an uncursed ring of ice
Wands
 e - a wand of iceblast (9/15)
 m - a wand of acid (9/15)
 w - a wand of disintegration (10/24)
 A - a wand of flame (20/48)
 Q - a wand of iceblast (5/15)
Scrolls
 k - 4 scrolls of identify
 q - 3 scrolls of remove curse
 z - 2 scrolls of enchant armour
 F - 3 scrolls of fog
 H - a scroll of blinking
 I - a scroll of teleportation
 O - a scroll of fear
Potions
 d - a potion of might
 f - 4 potions of flight
 g - 3 potions of haste
 t - 2 potions of heal wounds
 u - 9 potions of curing
 v - a potion of invisibility
 D - 2 potions of brilliance {unknown}
 G - 4 potions of agility {unknown}
 J - a potion of cure mutation {unknown}
 N - a potion of berserk rage
Comestibles
 b - 9 meat rations
 c - 15 bread rations
 p - 9 fruits
 K - a beef jerky
 L - 7 slices of pizza


   Skills:
 + Level 10.8 Fighting
 * Level 13.1 Maces & Flails
 + Level 9.4 Armour
 - Level 1.7 Dodging
 - Level 4.4 Shields


You had 11 spell levels left.
You didn't know any spells.

Dungeon Overview and Level Annotations

Branches:
Dungeon (8/15)             Temple (0/1) D:7            Lair (5/8) D:8
  Snake (0/4) Lair:3
  Swamp: Lair:3-6    Shoals: Lair:3-6

Altars:
Elyvilon
Gozag
Kikubaaqudgha
Pakellas
Vehumet
Xom

Shops:
D:7 !


Innate Abilities, Weirdness & Mutations

You have sharp fingernails.
You are mostly covered in slimy green scales (AC +3).
A weak demonic guardian rushes to your aid.
You regenerate health from kills.


Message History

* * * LOW HITPOINT WARNING * * *
The death yak gores you.
* * * LOW HITPOINT WARNING * * *
The death yak gores you!
* * * LOW HITPOINT WARNING * * *
Your quasit bites the death yak but does no damage.
Your quasit claws the death yak but does no damage.
Your quasit barely misses the death yak.
The death yak gores your quasit!!
Your quasit dies!
A death yak comes into view.
The death yak bellows!
Eat which item? (? for menu, Esc to quit)
That beef jerky was jerk-a-riffic!
Your skin crawls.
You feel resistant to hostile enchantments.
You feel slightly more hungry.
Your crimson imp blinks!
The death yak gores you!!
You die...

..P........#.#..###.....
...P......#.#...#.# ...
..........###....## ...#
..........#.##Y.###....
#..#.......##.........#
##......####YY......#
#........##P..#.....#
#.#.......##Y..#.##... #
#.......5@Y§..## ..
#.............# .
#............##
#.............#
#...............#
#...............##
#.P............##
##P............#


You could see 5 death yaks and a friendly crimson imp.

Vanquished Creatures
  3 hydras
  Urug (Lair:1)
  Pikel (D:4)
  3 black mambas
  7 spiny frogs
  Psyche (D:8)
  The ghost of tschems the Magician, a novice HuWz of Pakellas (D:4)
  A rime drake (Lair:4)
  4 komodo dragons
  4 blink frogs (Lair:3)
  20 yaks
  A wyvern (Lair:4)
  A hog (D:8)
  A steam dragon (Lair:3)
  A human (D:8)
  3 basilisks
  Menkaure (D:7)
  A hippogriff (Lair:1)
  A naga (Lair:3)
  Duvessa (D:5)
  5 water moccasins
  The ghost of et2088 the Sneak, an amateur SpEn of Dithmenos (D:5)
  17 porcupines
  4 orc warriors
  An ice beast (D:5)
  2 slaves (D:4)
  2 black bears
  2 ogres
  2 wolves (Lair:2)
  A centaur (D:7)
  The ghost of tschems the Magician, an amateur HuWz (D:3)
  5 crocodiles
  A big kobold (D:7)
  6 elf zombies (Ossuary)
  13 giant frogs
  Dowan (D:5)
  2 scorpions
  2 killer bees (D:8)
  6 wights
  An electric eel (Lair:2)
  2 howler monkeys
  2 crimson imps
  3 centaur zombies
  4 human zombies (Ossuary)
  A centaur skeleton (D:8)
  2 hounds
  2 orc priests (D:4)
  A giant frog skeleton (D:8)
  4 iguanas
  Terence (D:2)
  7 orc wizards
  5 worker ants
  3 sheep (D:8)
  2 hound zombies
  A hound skeleton (D:4)
  3 mummies (Ossuary)
  4 gnolls (D:6)
  6 adders
  25 river rats
  A shadow imp (D:8)
  2 oozes
  4 adder zombies
  2 adder skeletons
  A worm (D:2)
  3 dart slugs
  2 giant geckos (D:5)
  23 orcs
  A ball python (D:7)
  11 bats
  6 giant cockroaches
  11 hobgoblins
  2 jackals (D:4)
  4 quokkas
  A giant gecko zombie (D:6)
  5 giant newts
  11 goblins
  A jackal skeleton (D:7)
  8 kobolds
  A kobold zombie (D:8)
  15 rats
  4 butterflies (D:7)
  A fungus (D:8)
  A plant (D:5)
331 creatures vanquished.

Vanquished Creatures (collateral kills)
  A spiny frog (Lair:1)
  A komodo dragon (Lair:1)
  A blink frog (Lair:3)
  Eustachio (D:5)
  A yak (Lair:2)
  An ice beast (D:8)
  A slave (D:4)
  3 giant frogs
  An orc (D:8)
  A bat (D:8)
  A giant cockroach (D:4)
13 creatures vanquished.

Vanquished Creatures (others)
  Erica (D:8)
  An orc wizard (D:5)
  A giant gecko (D:5)
  2 orcs (D:5)
  2 plants (Lair:2)
7 creatures vanquished.

Grand Total: 351 creatures vanquished

Notes
Turn   | Place    | Note
--------------------------------------------------------------
     0 | D:1      | Kloppie the Demonspawn Berserker began the quest for the Orb.
     0 | D:1      | Reached XP level 1. HP: 18/18 MP: 1/1
   139 | D:1      | Gained mutation: You are partially covered in slimy green scales (AC +2). [demonic ancestry]
   139 | D:1      | Reached XP level 2. HP: 24/24 MP: 2/2
   296 | D:1      | Reached skill level 3 in Maces & Flails
   402 | D:1      | Reached ** piety under Trog
   772 | D:1      | Reached XP level 3. HP: 25/29 MP: 3/3
  1179 | D:2      | Noticed Terence
  1194 | D:2      | Killed Terence
  1194 | D:2      | Gained mutation: A weak demonic guardian rushes to your aid. [demonic ancestry]
  1194 | D:2      | Reached XP level 4. HP: 31/35 MP: 4/4
  1493 | D:2      | Reached skill level 4 in Maces & Flails
  1628 | D:2      | Found a radiant altar of Vehumet.
  1937 | D:3      | Noticed tschems's ghost (amateur HuWz)
  1957 | D:3      | Killed tschems's ghost
  1957 | D:3      | Reached XP level 5. HP: 42/42 MP: 5/5
  1996 | D:3      | Found an ancient bone altar of Kikubaaqudgha.
  2440 | D:3      | Reached *** piety under Trog
  2729 | D:4      | Reached XP level 6. HP: 37/48 MP: 6/6
  2762 | D:4      | Noticed tschems's ghost (novice HuWz)
  2777 | D:4      | Noticed a slave
  2777 | D:4      | Noticed a slave
  2778 | D:4      | Noticed a slave
  2785 | D:4      | Killed tschems's ghost
  2785 | D:4      | Reached skill level 5 in Maces & Flails
  2785 | D:4      | Gained mutation: You regenerate a little health from kills. [demonic ancestry]
  2785 | D:4      | Reached XP level 7. HP: 55/55 MP: 7/7
  3189 | D:4      | Noticed Pikel
  3207 | D:4      | Killed Pikel
  3207 | D:4      | Reached skill level 5 in Fighting
  3207 | D:4      | Reached skill level 6 in Maces & Flails
  3215 | D:4      | Reached XP level 8. HP: 57/63 MP: 8/8
  3547 | D:5      | Entered Level 5 of the Dungeon
  3780 | D:5      | Noticed et2088's ghost (amateur SpEn)
  3795 | D:5      | Killed et2088's ghost
  3795 | D:5      | Reached skill level 7 in Maces & Flails
  3869 | D:5      | Noticed Eustachio
  3888 | D:5      | Killed Eustachio
  3913 | D:5      | Noticed Duvessa
  3914 | D:5      | Noticed Dowan
  3927 | D:5      | Killed Duvessa
  3927 | D:5      | Reached skill level 5 in Armour
  3931 | D:5      | Killed Dowan
  4860 | D:6      | Reached skill level 8 in Maces & Flails
  4910 | D:6      | Found a shimmering altar of Xom.
  4912 | D:6      | Found an opulent altar of Gozag.
  4925 | D:6      | Reached **** piety under Trog
  4925 | D:6      | Gained mutation: You regenerate health from kills. [demonic ancestry]
  4925 | D:6      | Reached XP level 9. HP: 71/71 MP: 9/9
  5136 | D:6      | Found a white marble altar of Elyvilon.
  5137 | D:6      | Found an oddly glowing altar of Pakellas.
  5507 | D:7      | Found Xeareroc's Distillery.
  5515 | D:7      | Bought a potion of heal wounds for 75 gold pieces
  5515 | D:7      | Bought a potion of degeneration for 15 gold pieces
  5718 | D:7      | Reached skill level 1 in Shields
  5862 | D:7      | Reached skill level 9 in Maces & Flails
  5936 | D:7      | Found a staircase to the Ecumenical Temple.
  6053 | D:7      | Noticed Menkaure
  6059 | D:7      | Killed Menkaure
  6325 | D:8      | Noticed Erica
  6325 | D:8      | Noticed Psyche
  6356 | D:8      | Killed Erica
  6356 | D:8      | Reached XP level 10. HP: 79/79 MP: 10/10
  6362 | D:8      | Killed Psyche
  6476 | D:8      | Found a sand-covered staircase.
  6485 | Ossuary  | Entered an ossuary
  6701 | D:8      | Reached ***** piety under Trog
  6842 | D:8      | Reached skill level 10 in Maces & Flails
  7047 | D:8      | Found a staircase to the Lair.
  7187 | Lair:1   | Entered Level 1 of the Lair of Beasts
  7249 | Lair:1   | Got a heavily runed tin ring
  7288 | Lair:1   | Identified the ring of Faekixe {*Contam MR+ Str+2 Stlth+} (You found it on level 1 of the Lair of Beasts)
  7575 | Lair:1   | Noticed a spiny frog
  7586 | Lair:1   | Killed a spiny frog
  7830 | Lair:1   | Gained mutation: You have sharp fingernails. [demonic ancestry]
  7830 | Lair:1   | Reached XP level 11. HP: 75/87 MP: 11/11
  7831 | Lair:1   | Noticed Urug
  7852 | Lair:1   | Killed Urug
  7852 | Lair:1   | Reached skill level 11 in Maces & Flails
  8345 | Lair:2   | Noticed a four-headed hydra
  8359 | Lair:2   | Killed a four-headed hydra
  9605 | Lair:3   | Reached skill level 12 in Maces & Flails
  9642 | Lair:3   | Received a gift from Trog
  9754 | Lair:3   | Reached skill level 10 in Fighting
  9956 | Lair:3   | Noticed a four-headed hydra
  9972 | Lair:3   | Killed a four-headed hydra
 10039 | Lair:3   | Gained mutation: You are mostly covered in slimy green scales (AC +3). [demonic ancestry]
 10039 | Lair:3   | Reached XP level 12. HP: 85/97 MP: 4/12
 10201 | Lair:3   | Found a staircase to the Snake Pit.
 10817 | Lair:4   | Noticed a seven-headed hydra
 10831 | Lair:4   | Killed a seven-headed hydra
 10977 | Lair:4   | Reached skill level 13 in Maces & Flails
 11754 | Lair:5   | Noticed a death yak
 11755 | Lair:5   | Noticed a death yak
 11764 | Lair:5   | Noticed a death yak
 11766 | Lair:5   | Noticed a death yak
 11773 | Lair:5   | Noticed a death yak
 11778 | Lair:5   | Slain by a death yak

Skill      XL: |  1  2  3  4  5  6  7  8  9 10 11 12 |
---------------+-------------------------------------+-----
Armour         | 2 3 4 5 6 7 8 9 |  9.4
Maces & Flails | 3 4 5 6 8 9 10 12 13 | 13.1
Fighting       | 4 5 6 7 8 10 | 10.8
Shields        | 3 4 |  4.4
Dodging        | |  1.7

Action                   |  1- 3 |  4- 6 |  7- 9 | 10-12 || total
-------------------------+-------+-------+-------+-------++-------
Melee: Mace              |   128 |   159 |    35 |       ||   322
       Morningstar       |       |       |   421 |   601 ||  1022
       Dire flail        |       |       |       |   286 ||   286
Invok: Berserk           |     2 |     2 |     5 |     5 ||    14
       Trog's Hand       |       |     1 |     1 |     3 ||     5
  Use: Scroll            |       |     9 |     9 |     6 ||    24
 Stab: Distracted        |       |       |     3 |    12 ||    15
       Sleeping          |       |       |     1 |       ||     1
       Invisible         |       |       |       |     1 ||     1
  Eat: Chunk             |     2 |     8 |    12 |    23 ||    45
       Fruit             |       |       |     5 |       ||     5
       Royal jelly       |       |       |       |     1 ||     1
       Beef jerky        |       |       |       |     1 ||     1
Armor: Animal skin       |    17 |       |       |       ||    17
       Ring mail         |    21 |       |       |       ||    21
       Chain mail        |       |   124 |   304 |   632 ||  1060
Dodge: Dodged            |    92 |    67 |   163 |   328 ||   650
Block: Buckler           |       |       |    32 |   155 ||   187
